[ PARTIDA AOE2 · #484246159 ]
UnrankedBritanos vs Britons
[ ANÁLISIS DE REPETICIÓN · EXTRAÍDO DE LA PARTIDA GRABADA ]
Feudal
10:10
Castillos
20:52
Imperial
36:00
| APM promedio | 36.9 |
| APM pico | 71 |
| eAPM promedio | 18.0 |
| Aldeanos / militares | 77 / 64 |
Foco
⚔️ 38.9% · 🌾 61.1%
Archer ×61 · Mangonel ×3
Feudal
10:05
Castillos
20:30
Imperial
36:06
| APM promedio | 27.1 |
| APM pico | 70 |
| eAPM promedio | 15.8 |
| Aldeanos / militares | 92 / 87 |
Foco
⚔️ 22.6% · 🌾 77.4%
Archer ×71 · Skirmisher ×7 · Mangonel ×6 · Monk ×2 · Battering Ram ×1
Feudal
9:21
Castillos
23:35
Imperial
—
| APM promedio | 44.1 |
| APM pico | 117 |
| eAPM promedio | 15.9 |
| Aldeanos / militares | 81 / 113 |
Foco
⚔️ 35.2% · 🌾 64.8%
Knight ×72 · Scout Cavalry ×41
Feudal
9:29
Castillos
22:37
Imperial
40:22
| APM promedio | 60.7 |
| APM pico | 113 |
| eAPM promedio | 20.8 |
| Aldeanos / militares | 110 / 115 |
Foco
⚔️ 29.9% · 🌾 70.1%
Archer ×108 · Iron Pagoda ×4 · Spearman ×2 · Battering Ram ×1
Feudal
10:21
Castillos
23:27
Imperial
—
| APM promedio | 53.7 |
| APM pico | 121 |
| eAPM promedio | 23.3 |
| Aldeanos / militares | 75 / 51 |
Foco
⚔️ 25.2% · 🌾 74.8%
Skirmisher ×27 · Archer ×11 · Mangonel ×9 · Monk ×2 · Spearman ×2
Feudal
11:54
Castillos
26:14
Imperial
—
| APM promedio | 24.6 |
| APM pico | 117 |
| eAPM promedio | 10.8 |
| Aldeanos / militares | 39 / 50 |
Foco
⚔️ 35.6% · 🌾 64.4%
Spearman ×24 · Knight ×22 · Scout Cavalry ×4
Mapa de la partida
Recursos iniciales + cada clic de construcción. Líneas = muros · curvas = relieve. ◆ oro · ⬟ piedra · ● bayas · ✦ reliquia · ◌ hueco del cierre
Tu base· Abierta — flanco sin cerrar
Base de [SENSEI] ELPASTORE· ✓ Cerrada en 20:30 · 58t muro · sin puerta
Base de [SENSEI] feb· ✓ Cerrada en 23:35 · 54t muro · 2 puerta(s)
Base de EseTipo· ✓ Cerrada en 22:37 · 32t muro · sin puerta
Base de [SENSEI] Milky· Abierta — hueco de 1t
Base de Madnessheimdall· Abierta — hueco de 6t
Terreno inicial suavizado · ◌ = hueco del cierre detectado · pasá el cursor para detalles
Inputs por minuto
— Merkaria - - [SENSEI] ELPASTORE
Build order — Merkaria
Primeras 150 de 261 acciones detectadas
| 0:01 | Crear | Villager (Male) |
| 0:01 | Crear | Villager (Male) |
| 0:02 | Crear | Villager (Male) |
| 0:02 | Crear | Villager (Male) |
| 0:03 | Construir | House |
| 0:05 | Construir | House |
| 1:30 | Crear | Villager (Male) |
| 1:44 | Crear | Villager (Male) |
| 2:27 | Crear | Villager (Male) |
| 2:31 | Construir | Lumber Camp |
| 2:52 | Crear | Villager (Male) |
| 3:11 | Crear | Villager (Male) |
| 3:34 | Crear | Villager (Male) |
| 3:51 | Construir | House |
| 3:59 | Crear | Villager (Male) |
| 4:02 | Crear | Villager (Male) |
| 4:02 | Crear | Villager (Male) |
| 5:09 | Crear | Villager (Male) |
| 5:48 | Crear | Villager (Male) |
| 5:55 | Construir | House |
| 6:14 | Crear | Villager (Male) |
| 6:40 | Crear | Villager (Male) |
| 7:04 | Construir | Mining Camp |
| 7:07 | Crear | Villager (Male) |
| 7:33 | Construir | Barracks |
| 7:35 | Investigar | Loom |
| 7:55 | Investigar | Feudal Age |
| 8:25 | Construir | House |
| 8:33 | Construir | Mill |
| 9:23 | Crear | Villager (Male) |
| 9:37 | Crear | Villager (Male) |
| 10:10 | Edad | Edad Feudal |
| 10:13 | Construir | Archery Range |
| 10:16 | Construir | Archery Range |
| 10:19 | Investigar | Double-Bit Axe |
| 10:25 | Crear | Villager (Male) |
| 10:40 | Construir | Palisade Wall |
| 10:43 | Construir | House |
| 10:56 | Crear | Villager (Male) |
| 11:24 | Crear | Villager (Male) |
| 11:26 | Crear | Archer |
| 11:27 | Crear | Archer |
| 11:32 | Construir | House |
| 11:40 | Construir | House |
| 11:43 | Construir | Blacksmith |
| 11:47 | Construir | House |
| 11:49 | Crear | Villager (Male) |
| 11:55 | Crear | Archer |
| 11:56 | Crear | Archer |
| 11:56 | Crear | Archer |
| 12:22 | Crear | Archer |
| 12:44 | Construir | Farm |
| 12:48 | Crear | Villager (Male) |
| 12:52 | Construir | Farm |
| 12:59 | Construir | Farm |
| 13:01 | Crear | Villager (Male) |
| 13:04 | Crear | Archer |
| 13:04 | Crear | Archer |
| 13:14 | Crear | Archer |
| 13:15 | Crear | Archer |
| 13:21 | Investigar | Fletching |
| 13:27 | Construir | Farm |
| 13:30 | Crear | Villager (Male) |
| 13:51 | Construir | Farm |
| 13:55 | Crear | Villager (Male) |
| 14:01 | Crear | Archer |
| 14:01 | Crear | Archer |
| 14:12 | Construir | Farm |
| 14:18 | Crear | Villager (Male) |
| 14:20 | Crear | Archer |
| 14:20 | Crear | Archer |
| 14:33 | Construir | Farm |
| 14:36 | Construir | Farm |
| 15:00 | Crear | Archer |
| 15:00 | Crear | Archer |
| 15:01 | Crear | Villager (Male) |
| 15:43 | Crear | Villager (Male) |
| 15:43 | Crear | Villager (Male) |
| 15:44 | Crear | Archer |
| 15:45 | Crear | Archer |
| 15:45 | Crear | Archer |
| 16:00 | Crear | Villager (Male) |
| 16:04 | Construir | Farm |
| 16:06 | Construir | Farm |
| 16:10 | Construir | Farm |
| 16:13 | Construir | Farm |
| 16:32 | Crear | Archer |
| 16:32 | Crear | Archer |
| 16:42 | Construir | House |
| 16:44 | Construir | House |
| 16:46 | Construir | House |
| 16:49 | Construir | House |
| 16:51 | Construir | House |
| 16:53 | Crear | Villager (Male) |
| 17:28 | Crear | Archer |
| 17:28 | Crear | Archer |
| 17:34 | Crear | Villager (Male) |
| 17:38 | Construir | Farm |
| 17:44 | Construir | Farm |
| 17:53 | Crear | Archer |
| 17:53 | Crear | Archer |
| 18:01 | Investigar | Town Watch |
| 18:12 | Investigar | Castle Age |
| 18:26 | Crear | Archer |
| 19:01 | Construir | Archery Range |
| 19:15 | Investigar | Padded Archer Armor |
| 19:17 | Investigar | Gold Mining |
| 19:53 | Crear | Archer |
| 19:54 | Crear | Archer |
| 19:54 | Crear | Archer |
| 19:55 | Crear | Archer |
| 20:02 | Investigar | Horse Collar |
| 20:52 | Edad | Edad de los Castillos |
| 20:55 | Investigar | Crossbowman (upgrade) |
| 20:56 | Investigar | Bodkin Arrow |
| 21:01 | Crear | Archer |
| 21:02 | Crear | Archer |
| 21:02 | Crear | Archer |
| 21:45 | Construir | Town Center |
| 21:54 | Construir | Farm |
| 21:55 | Construir | Farm |
| 21:58 | Crear | Archer |
| 21:59 | Crear | Archer |
| 22:08 | Crear | Villager (Male) |
| 22:09 | Crear | Villager (Male) |
| 22:09 | Crear | Villager (Male) |
| 22:09 | Crear | Villager (Male) |
| 22:10 | Crear | Villager (Male) |
| 22:10 | Crear | Villager (Male) |
| 22:35 | Crear | Archer |
| 22:35 | Crear | Archer |
| 22:36 | Crear | Archer |
| 23:25 | Crear | Archer |
| 23:25 | Crear | Archer |
| 23:26 | Crear | Archer |
| 24:20 | Crear | Archer |
| 24:20 | Crear | Archer |
| 24:20 | Crear | Archer |
| 24:21 | Crear | Archer |
| 24:26 | Construir | Siege Workshop |
| 24:31 | Crear | Archer |
| 24:31 | Crear | Archer |
| 24:32 | Crear | Villager (Male) |
| 24:32 | Crear | Villager (Male) |
| 24:36 | Construir | Farm |
| 24:43 | Crear | Villager (Male) |
| 24:43 | Crear | Villager (Male) |
| 24:43 | Crear | Villager (Male) |
| 24:45 | Construir | Farm |
| 24:54 | Investigar | Town Watch |
Build order — [SENSEI] ELPASTORE
Primeras 150 de 211 acciones detectadas
| 0:02 | Construir | House |
| 0:04 | Construir | House |
| 0:06 | Crear | Villager (Male) ×4 |
| 1:41 | Construir | Lumber Camp |
| 1:43 | Crear | Villager (Male) |
| 1:44 | Crear | Villager (Male) |
| 1:50 | Crear | Villager (Male) |
| 1:50 | Crear | Villager (Male) |
| 2:18 | Crear | Villager (Male) |
| 2:18 | Crear | Villager (Male) |
| 2:47 | Crear | Villager (Male) |
| 2:48 | Crear | Villager (Male) |
| 3:21 | Crear | Villager (Male) |
| 3:22 | Crear | Villager (Male) |
| 3:34 | Crear | Villager (Male) |
| 3:34 | Crear | Villager (Male) |
| 3:57 | Construir | House |
| 3:58 | Construir | House |
| 4:12 | Crear | Villager (Male) |
| 4:27 | Crear | Villager (Male) |
| 4:27 | Crear | Villager (Male) |
| 5:06 | Construir | Mill |
| 5:15 | Crear | Villager (Male) |
| 5:15 | Crear | Villager (Male) |
| 5:16 | Crear | Villager (Male) |
| 6:13 | Construir | Mill |
| 6:14 | Crear | Villager (Male) |
| 6:14 | Crear | Villager (Male) |
| 6:15 | Crear | Villager (Male) |
| 6:17 | Investigar | Loom |
| 7:11 | Construir | Mining Camp |
| 7:55 | Investigar | Feudal Age |
| 8:15 | Construir | Lumber Camp |
| 8:40 | Construir | House |
| 8:44 | Construir | Palisade Wall |
| 8:48 | Construir | Palisade Wall |
| 8:54 | Construir | Palisade Wall |
| 8:58 | Construir | Palisade Wall |
| 9:00 | Crear | Villager (Male) |
| 9:01 | Crear | Villager (Male) |
| 9:18 | Construir | Palisade Wall |
| 10:05 | Edad | Edad Feudal |
| 10:30 | Construir | Barracks |
| 10:41 | Crear | Villager (Male) |
| 10:42 | Crear | Villager (Male) |
| 11:00 | Investigar | Double-Bit Axe |
| 11:17 | Construir | House |
| 11:20 | Construir | House |
| 11:22 | Construir | Palisade Wall |
| 11:25 | Crear | Villager (Male) |
| 11:26 | Crear | Villager (Male) |
| 11:49 | Construir | Archery Range |
| 12:00 | Crear | Villager (Male) |
| 12:00 | Crear | Villager (Male) |
| 12:06 | Construir | Palisade Wall |
| 12:12 | Construir | Palisade Wall |
| 12:21 | Construir | Farm |
| 12:21 | Construir | Farm |
| 12:21 | Construir | Farm |
| 12:27 | Construir | Farm |
| 12:36 | Crear | Skirmisher |
| 12:38 | Crear | Archer |
| 12:50 | Construir | Farm |
| 13:02 | Construir | Farm |
| 13:11 | Construir | Farm |
| 13:15 | Crear | Villager (Male) |
| 13:23 | Crear | Archer |
| 13:40 | Construir | Farm |
| 13:53 | Construir | Farm |
| 13:57 | Construir | Farm |
| 13:58 | Crear | Villager (Male) |
| 13:59 | Crear | Villager (Male) |
| 14:03 | Crear | Skirmisher |
| 14:15 | Construir | Farm |
| 14:34 | Crear | Villager (Male) |
| 14:34 | Crear | Villager (Male) |
| 14:38 | Investigar | Horse Collar |
| 14:47 | Crear | Archer |
| 14:51 | Crear | Archer |
| 14:56 | Construir | House |
| 14:58 | Construir | House |
| 15:29 | Crear | Villager (Male) |
| 15:32 | Construir | Blacksmith |
| 15:52 | Construir | Farm |
| 15:52 | Construir | Farm |
| 15:52 | Construir | Farm |
| 15:54 | Crear | Villager (Male) |
| 15:55 | Crear | Villager (Male) |
| 16:07 | Crear | Archer |
| 16:09 | Crear | Archer |
| 16:13 | Construir | Farm |
| 16:14 | Construir | Farm |
| 16:21 | Construir | Farm |
| 16:45 | Construir | Watch Tower |
| 16:58 | Construir | Mining Camp |
| 17:00 | Crear | Villager (Male) |
| 17:14 | Crear | Villager (Male) |
| 17:44 | Investigar | Castle Age |
| 18:02 | Construir | Lumber Camp |
| 18:08 | Construir | House |
| 18:10 | Construir | Palisade Wall |
| 18:27 | Construir | House |
| 18:29 | Construir | House |
| 18:34 | Crear | Villager (Male) |
| 18:34 | Crear | Villager (Male) |
| 18:41 | Investigar | Gold Mining |
| 18:55 | Crear | Skirmisher |
| 18:56 | Crear | Skirmisher |
| 19:03 | Investigar | Fletching |
| 19:03 | Investigar | Padded Archer Armor |
| 19:48 | Crear | Skirmisher |
| 19:48 | Crear | Skirmisher |
| 19:48 | Crear | Skirmisher |
| 20:24 | Construir | Archery Range |
| 20:30 | Edad | Edad de los Castillos |
| 20:32 | Investigar | Gold Shaft Mining |
| 20:53 | Construir | Siege Workshop |
| 20:58 | Investigar | Crossbowman (upgrade) |
| 21:07 | Crear | Villager (Male) |
| 21:07 | Crear | Villager (Male) |
| 21:14 | Crear | Archer ×5 |
| 21:28 | Crear | Mangonel |
| 22:00 | Crear | Archer |
| 22:01 | Crear | Archer |
| 22:05 | Crear | Villager (Male) |
| 22:05 | Crear | Villager (Male) |
| 22:25 | Crear | Mangonel |
| 22:32 | Construir | House |
| 22:33 | Construir | House |
| 22:42 | Crear | Archer |
| 23:06 | Construir | Town Center |
| 23:12 | Construir | House |
| 23:17 | Construir | House |
| 23:19 | Construir | House |
| 23:22 | Construir | House |
| 23:23 | Construir | House |
| 23:24 | Construir | House |
| 23:50 | Crear | Archer ×2 |
| 23:59 | Construir | House |
| 24:15 | Investigar | Bodkin Arrow |
| 24:21 | Construir | University |
| 24:59 | Crear | Archer ×5 |
| 25:02 | Crear | Villager (Male) ×5 |
| 25:09 | Construir | House |
| 25:10 | Construir | House |
| 25:16 | Construir | House |
| 25:54 | Construir | House |
| 25:57 | Crear | Archer ×5 |
| 26:21 | Crear | Archer ×5 |
| 26:22 | Crear | Archer ×5 |
Build order — [SENSEI] feb
Primeras 150 de 307 acciones detectadas
| 0:02 | Crear | Villager (Male) ×5 |
| 0:04 | Construir | House |
| 0:06 | Construir | House |
| 1:28 | Crear | Villager (Male) |
| 1:54 | Crear | Villager (Male) |
| 2:03 | Construir | Lumber Camp |
| 2:44 | Crear | Villager (Male) |
| 3:05 | Crear | Villager (Male) |
| 3:23 | Construir | House |
| 3:26 | Construir | House |
| 3:40 | Crear | Villager (Male) |
| 3:54 | Crear | Villager (Male) |
| 4:03 | Crear | Villager (Male) |
| 4:14 | Construir | Mill |
| 4:47 | Crear | Villager (Male) |
| 5:02 | Crear | Villager (Male) |
| 5:40 | Crear | Villager (Male) |
| 5:56 | Crear | Villager (Male) |
| 5:58 | Crear | Villager (Male) |
| 6:00 | Investigar | Loom |
| 6:43 | Construir | Lumber Camp |
| 7:17 | Investigar | Feudal Age |
| 7:33 | Construir | Barracks |
| 7:42 | Construir | House |
| 7:44 | Construir | House |
| 7:46 | Construir | Palisade Wall |
| 8:24 | Crear | Villager (Male) |
| 8:26 | Crear | Villager (Male) |
| 9:21 | Edad | Edad Feudal |
| 9:25 | Crear | Villager (Male) |
| 9:26 | Investigar | Double-Bit Axe |
| 9:32 | Construir | Stable |
| 9:42 | Construir | Blacksmith |
| 9:47 | Construir | House |
| 10:08 | Crear | Villager (Male) |
| 10:19 | Construir | Mill |
| 10:27 | Crear | Scout Cavalry |
| 10:48 | Crear | Scout Cavalry |
| 10:51 | Construir | House |
| 10:54 | Crear | Villager (Male) |
| 11:04 | Investigar | Horse Collar |
| 11:12 | Crear | Villager (Male) |
| 11:34 | Crear | Villager (Male) |
| 11:39 | Crear | Scout Cavalry |
| 11:52 | Construir | Palisade Wall |
| 12:00 | Construir | Palisade Wall |
| 12:02 | Crear | Villager (Male) |
| 12:07 | Construir | Palisade Wall |
| 12:12 | Construir | Palisade Wall |
| 12:13 | Crear | Scout Cavalry |
| 12:21 | Construir | Palisade Gate |
| 12:32 | Construir | Palisade Wall |
| 12:33 | Crear | Scout Cavalry |
| 12:41 | Crear | Villager (Male) |
| 12:45 | Construir | Farm |
| 12:46 | Construir | Farm |
| 12:48 | Construir | Farm |
| 12:49 | Construir | Farm |
| 13:02 | Crear | Villager (Male) |
| 13:05 | Construir | Farm |
| 13:28 | Construir | Palisade Gate |
| 13:30 | Crear | Villager (Male) |
| 13:36 | Construir | Farm |
| 13:41 | Construir | Farm |
| 13:46 | Construir | Farm |
| 13:47 | Construir | Farm |
| 13:52 | Crear | Villager (Male) |
| 13:59 | Construir | Farm |
| 14:03 | Construir | Farm |
| 14:08 | Construir | House |
| 14:09 | Construir | House |
| 14:10 | Construir | House |
| 14:13 | Crear | Villager (Male) |
| 14:35 | Construir | Farm |
| 14:36 | Crear | Villager (Male) |
| 14:50 | Construir | Mining Camp |
| 15:12 | Crear | Villager (Male) |
| 15:15 | Construir | Farm |
| 15:38 | Crear | Villager (Male) |
| 15:49 | Crear | Villager (Male) |
| 15:54 | Construir | Farm |
| 15:55 | Construir | Farm |
| 16:06 | Crear | Scout Cavalry |
| 16:12 | Construir | Farm |
| 16:13 | Construir | Farm |
| 16:22 | Crear | Villager (Male) |
| 16:37 | Crear | Scout Cavalry |
| 16:50 | Crear | Villager (Male) |
| 17:08 | Construir | Stable |
| 17:13 | Crear | Villager (Male) |
| 17:15 | Investigar | Scale Barding Armor |
| 17:17 | Crear | Scout Cavalry |
| 17:24 | Construir | House |
| 17:26 | Construir | House |
| 17:27 | Construir | House |
| 17:28 | Construir | House |
| 17:28 | Construir | House |
| 17:28 | Construir | House |
| 17:28 | Construir | House |
| 17:29 | Construir | House |
| 17:37 | Crear | Villager (Male) |
| 17:49 | Crear | Scout Cavalry |
| 17:56 | Construir | Farm |
| 17:58 | Construir | Farm |
| 18:06 | Crear | Scout Cavalry |
| 18:08 | Crear | Villager (Male) |
| 18:23 | Crear | Scout Cavalry |
| 18:28 | Construir | Farm |
| 18:28 | Construir | Farm |
| 18:29 | Construir | Farm |
| 18:29 | Construir | Farm |
| 18:29 | Construir | Farm |
| 18:29 | Construir | Farm |
| 18:29 | Construir | Farm |
| 18:30 | Construir | Farm |
| 18:30 | Construir | Farm |
| 18:36 | Crear | Villager (Male) |
| 18:41 | Crear | Scout Cavalry |
| 18:49 | Construir | Farm |
| 18:50 | Construir | Farm |
| 19:07 | Crear | Villager (Male) |
| 19:16 | Crear | Scout Cavalry |
| 19:16 | Crear | Scout Cavalry |
| 19:31 | Crear | Villager (Male) |
| 19:56 | Crear | Villager (Male) |
| 20:15 | Crear | Villager (Male) |
| 20:35 | Construir | Farm |
| 20:40 | Crear | Villager (Male) |
| 21:09 | Investigar | Castle Age |
| 21:44 | Investigar | Bloodlines |
| 22:01 | Construir | Stable |
| 22:02 | Construir | Stable |
| 22:11 | Crear | Scout Cavalry |
| 22:12 | Crear | Scout Cavalry |
| 22:46 | Crear | Scout Cavalry |
| 22:46 | Crear | Scout Cavalry |
| 22:47 | Crear | Scout Cavalry |
| 22:47 | Crear | Scout Cavalry |
| 22:58 | Investigar | Forging |
| 22:59 | Investigar | Forging |
| 22:59 | Investigar | Forging |
| 23:18 | Crear | Scout Cavalry |
| 23:18 | Crear | Scout Cavalry |
| 23:19 | Crear | Scout Cavalry |
| 23:19 | Crear | Scout Cavalry |
| 23:26 | Construir | Lumber Camp |
| 23:35 | Edad | Edad de los Castillos |
| 23:37 | Crear | Knight |
| 23:37 | Crear | Knight |
| 23:37 | Crear | Knight |
Build order — EseTipo
Primeras 150 de 355 acciones detectadas
| 0:00 | Crear | Villager (Male) |
| 0:00 | Crear | Villager (Male) |
| 0:00 | Crear | Villager (Male) |
| 0:02 | Construir | House |
| 0:03 | Construir | House |
| 0:10 | Crear | Villager (Male) |
| 1:24 | Crear | Villager (Male) |
| 1:50 | Construir | Lumber Camp |
| 1:54 | Crear | Villager (Male) |
| 2:22 | Crear | Villager (Male) |
| 2:46 | Crear | Villager (Male) |
| 3:08 | Crear | Villager (Male) |
| 3:33 | Construir | House |
| 3:59 | Crear | Villager (Male) |
| 4:17 | Crear | Villager (Male) |
| 4:34 | Crear | Villager (Male) |
| 4:52 | Crear | Villager (Male) |
| 5:06 | Crear | Villager (Male) |
| 5:40 | Crear | Villager (Male) |
| 5:50 | Construir | Mining Camp |
| 6:17 | Crear | Villager (Male) |
| 6:36 | Crear | Villager (Male) |
| 6:39 | Investigar | Loom |
| 7:16 | Investigar | Feudal Age |
| 7:51 | Construir | Barracks |
| 7:53 | Construir | Palisade Wall |
| 8:24 | Crear | Villager (Male) |
| 8:32 | Construir | House |
| 8:53 | Construir | Mill |
| 9:29 | Edad | Edad Feudal |
| 9:30 | Construir | Archery Range |
| 9:32 | Crear | Spearman |
| 9:34 | Investigar | Double-Bit Axe |
| 9:37 | Crear | Villager (Male) |
| 9:58 | Construir | Archery Range |
| 10:07 | Construir | House |
| 10:10 | Crear | Villager (Male) |
| 10:14 | Crear | Archer |
| 10:22 | Crear | Villager (Male) |
| 10:30 | Construir | House |
| 10:32 | Crear | Villager (Male) |
| 10:34 | Crear | Archer |
| 10:50 | Crear | Villager (Male) |
| 11:09 | Crear | Archer |
| 11:19 | Construir | Farm |
| 11:21 | Construir | Farm |
| 11:23 | Construir | Farm |
| 11:27 | Construir | Blacksmith |
| 11:30 | Crear | Villager (Male) |
| 11:35 | Construir | Palisade Wall |
| 11:36 | Crear | Archer |
| 11:51 | Construir | Farm |
| 12:00 | Crear | Archer |
| 12:10 | Crear | Villager (Male) |
| 12:15 | Construir | House |
| 12:26 | Construir | Palisade Wall |
| 12:27 | Crear | Archer |
| 12:33 | Crear | Villager (Male) |
| 12:37 | Construir | House |
| 12:40 | Crear | Spearman |
| 12:51 | Crear | Archer |
| 13:09 | Investigar | Fletching |
| 13:19 | Construir | House |
| 13:33 | Crear | Villager (Male) |
| 13:36 | Construir | House |
| 13:37 | Construir | House |
| 13:46 | Crear | Archer |
| 13:51 | Construir | Palisade Wall |
| 13:57 | Construir | Farm |
| 14:01 | Construir | Farm |
| 14:02 | Crear | Villager (Male) |
| 14:03 | Crear | Archer |
| 14:07 | Construir | House |
| 14:15 | Crear | Archer |
| 14:24 | Construir | Farm |
| 14:25 | Construir | Farm |
| 14:26 | Construir | Farm |
| 14:28 | Crear | Villager (Male) |
| 14:37 | Construir | House |
| 14:38 | Crear | Villager (Male) |
| 14:46 | Crear | Archer |
| 14:57 | Crear | Villager (Male) |
| 15:02 | Crear | Archer |
| 15:10 | Construir | Lumber Camp |
| 15:13 | Construir | House |
| 15:17 | Crear | Archer |
| 15:18 | Crear | Villager (Male) |
| 15:32 | Construir | Palisade Wall |
| 15:33 | Crear | Villager (Male) |
| 15:49 | Crear | Archer |
| 15:58 | Crear | Villager (Male) |
| 15:58 | Crear | Archer |
| 16:11 | Crear | Archer |
| 16:12 | Crear | Villager (Male) |
| 16:34 | Construir | Market |
| 16:37 | Crear | Archer |
| 16:42 | Crear | Villager (Male) |
| 16:47 | Crear | Archer |
| 16:58 | Crear | Archer |
| 17:01 | Crear | Villager (Male) |
| 17:09 | Crear | Archer |
| 17:25 | Construir | Mining Camp |
| 17:27 | Crear | Villager (Male) |
| 17:32 | Crear | Archer |
| 17:44 | Construir | Farm |
| 17:49 | Crear | Archer |
| 17:50 | Crear | Villager (Male) |
| 17:59 | Investigar | Wheelbarrow |
| 18:09 | Crear | Archer |
| 18:22 | Crear | Archer |
| 18:22 | Crear | Archer |
| 18:35 | Construir | Lumber Camp |
| 18:45 | Crear | Archer |
| 18:58 | Crear | Archer |
| 19:15 | Crear | Archer |
| 19:29 | Construir | House |
| 19:32 | Crear | Villager (Male) |
| 19:35 | Crear | Archer |
| 19:35 | Crear | Archer |
| 19:57 | Investigar | Castle Age |
| 19:59 | Construir | Farm |
| 20:04 | Crear | Archer |
| 20:08 | Construir | Farm |
| 20:10 | Construir | Farm |
| 20:22 | Crear | Archer |
| 20:44 | Crear | Archer |
| 20:52 | Construir | Archery Range |
| 21:05 | Crear | Archer |
| 21:05 | Crear | Archer |
| 21:25 | Investigar | Gold Mining |
| 21:27 | Crear | Archer |
| 21:28 | Crear | Archer |
| 21:35 | Construir | House |
| 21:43 | Crear | Archer |
| 21:57 | Construir | House |
| 21:58 | Construir | House |
| 22:01 | Crear | Archer |
| 22:05 | Crear | Archer |
| 22:18 | Construir | House |
| 22:37 | Edad | Edad de los Castillos |
| 22:39 | Investigar | Crossbowman (upgrade) |
| 22:43 | Investigar | Bodkin Arrow |
| 22:49 | Crear | Villager (Male) |
| 22:55 | Construir | Town Center |
| 22:59 | Crear | Villager (Male) |
| 23:08 | Crear | Archer |
| 23:08 | Crear | Archer |
| 23:14 | Crear | Villager (Male) |
| 23:19 | Crear | Archer |
| 23:23 | Construir | University |
Build order — [SENSEI] Milky
Primeras 150 de 231 acciones detectadas
| 0:02 | Crear | Villager (Male) |
| 0:02 | Crear | Villager (Male) |
| 0:02 | Crear | Villager (Male) |
| 0:04 | Construir | House |
| 0:05 | Construir | House |
| 0:11 | Crear | Villager (Male) |
| 0:11 | Crear | Villager (Male) |
| 1:26 | Crear | Villager (Male) |
| 1:27 | Crear | Villager (Male) |
| 1:52 | Construir | Lumber Camp |
| 1:58 | Crear | Villager (Male) |
| 1:58 | Crear | Villager (Male) |
| 2:25 | Crear | Villager (Male) |
| 2:25 | Crear | Villager (Male) |
| 2:51 | Crear | Villager (Male) |
| 2:54 | Crear | Villager (Male) |
| 2:54 | Crear | Villager (Male) |
| 3:41 | Construir | Mill |
| 3:50 | Construir | House |
| 3:52 | Crear | Villager (Male) |
| 4:12 | Crear | Villager (Male) |
| 4:12 | Crear | Villager (Male) |
| 5:16 | Crear | Villager (Male) |
| 5:17 | Crear | Villager (Male) |
| 5:35 | Crear | Villager (Male) |
| 6:03 | Crear | Villager (Male) |
| 6:03 | Crear | Villager (Male) |
| 6:04 | Crear | Villager (Male) |
| 6:52 | Crear | Villager (Male) |
| 7:06 | Construir | Mill |
| 7:24 | Investigar | Loom |
| 8:11 | Investigar | Feudal Age |
| 8:26 | Construir | Mining Camp |
| 9:01 | Construir | Barracks |
| 9:10 | Construir | House |
| 10:07 | Construir | Palisade Gate |
| 10:21 | Edad | Edad Feudal |
| 10:22 | Crear | Villager (Male) |
| 10:23 | Crear | Villager (Male) |
| 10:28 | Construir | Archery Range |
| 10:43 | Construir | Palisade Wall |
| 10:47 | Construir | Palisade Wall |
| 11:02 | Crear | Villager (Male) |
| 11:03 | Crear | Villager (Male) |
| 11:13 | Construir | Blacksmith |
| 11:19 | Construir | Palisade Wall |
| 11:33 | Crear | Villager (Male) |
| 11:38 | Construir | House |
| 11:45 | Crear | Archer |
| 11:50 | Crear | Skirmisher |
| 12:11 | Construir | House |
| 12:15 | Crear | Spearman |
| 12:24 | Crear | Skirmisher |
| 12:40 | Construir | House |
| 12:47 | Crear | Villager (Male) |
| 13:01 | Construir | Palisade Wall |
| 13:04 | Crear | Villager (Male) |
| 13:06 | Crear | Skirmisher |
| 13:09 | Crear | Spearman |
| 13:16 | Crear | Villager (Male) |
| 13:22 | Crear | Skirmisher |
| 13:36 | Crear | Archer |
| 13:44 | Construir | Market |
| 14:00 | Construir | Palisade Wall |
| 14:02 | Construir | Palisade Wall |
| 14:05 | Crear | Villager (Male) |
| 14:14 | Crear | Skirmisher |
| 14:21 | Crear | Skirmisher |
| 14:23 | Crear | Villager (Male) |
| 14:28 | Construir | House |
| 14:33 | Crear | Villager (Male) |
| 14:42 | Crear | Skirmisher |
| 14:52 | Investigar | Fletching |
| 15:05 | Crear | Archer |
| 15:40 | Construir | House |
| 15:46 | Construir | House |
| 16:01 | Crear | Archer |
| 16:04 | Crear | Villager (Male) |
| 16:04 | Crear | Villager (Male) |
| 16:13 | Crear | Villager (Male) |
| 16:24 | Crear | Archer |
| 16:34 | Construir | Farm |
| 16:39 | Construir | House |
| 17:02 | Crear | Archer |
| 17:03 | Crear | Archer |
| 17:26 | Crear | Skirmisher |
| 17:33 | Crear | Villager (Male) |
| 17:34 | Crear | Villager (Male) |
| 17:39 | Crear | Villager (Male) |
| 17:42 | Construir | Farm |
| 17:43 | Construir | Farm |
| 17:45 | Construir | Farm |
| 17:45 | Construir | Farm |
| 17:45 | Construir | Farm |
| 17:46 | Construir | Farm |
| 17:46 | Construir | Farm |
| 17:49 | Construir | Farm |
| 17:49 | Construir | Farm |
| 17:52 | Construir | Farm |
| 17:53 | Construir | Farm |
| 17:57 | Construir | Farm |
| 17:57 | Construir | Farm |
| 17:57 | Construir | Farm |
| 17:59 | Crear | Archer |
| 17:59 | Crear | Skirmisher |
| 18:07 | Crear | Villager (Male) |
| 18:16 | Investigar | Padded Archer Armor |
| 18:29 | Construir | Farm |
| 18:52 | Crear | Villager (Male) |
| 18:56 | Construir | House |
| 19:12 | Crear | Archer |
| 19:15 | Crear | Skirmisher |
| 19:18 | Crear | Archer |
| 19:20 | Crear | Skirmisher |
| 19:36 | Crear | Villager (Male) |
| 19:39 | Construir | Farm |
| 19:40 | Crear | Villager (Male) |
| 19:43 | Construir | Farm |
| 20:35 | Crear | Villager (Male) |
| 20:41 | Construir | House |
| 20:43 | Construir | House |
| 20:47 | Investigar | Castle Age |
| 20:52 | Crear | Archer |
| 21:09 | Construir | Archery Range |
| 21:42 | Crear | Skirmisher |
| 21:42 | Crear | Skirmisher |
| 21:46 | Construir | Farm |
| 21:49 | Construir | Farm |
| 22:08 | Investigar | Double-Bit Axe |
| 22:09 | Investigar | Horse Collar |
| 22:52 | Construir | House |
| 22:55 | Construir | House |
| 22:56 | Construir | House |
| 22:59 | Crear | Skirmisher |
| 22:59 | Crear | Skirmisher |
| 23:06 | Crear | Skirmisher |
| 23:07 | Crear | Skirmisher |
| 23:16 | Crear | Skirmisher |
| 23:18 | Crear | Skirmisher |
| 23:27 | Edad | Edad de los Castillos |
| 23:52 | Construir | House |
| 23:55 | Investigar | Crossbowman (upgrade) |
| 24:11 | Construir | House |
| 24:21 | Investigar | Elite Skirmisher (upgrade) |
| 24:22 | Crear | Skirmisher |
| 24:22 | Crear | Skirmisher |
| 24:43 | Construir | Town Center |
| 25:05 | Construir | Gate |
| 25:17 | Investigar | Bodkin Arrow |
| 25:23 | Crear | Skirmisher |
Build order — Madnessheimdall
Primeras 150 de 166 acciones detectadas
| 0:18 | Construir | House |
| 0:21 | Construir | House |
| 0:23 | Crear | Villager (Male) |
| 0:23 | Crear | Villager (Male) |
| 0:23 | Crear | Villager (Male) |
| 0:24 | Crear | Villager (Male) |
| 1:47 | Crear | Villager (Male) |
| 2:09 | Construir | Lumber Camp |
| 2:35 | Crear | Villager (Male) |
| 2:51 | Crear | Villager (Male) |
| 3:26 | Crear | Villager (Male) |
| 3:47 | Construir | House |
| 4:45 | Crear | Villager (Male) |
| 4:53 | Crear | Villager (Male) |
| 4:55 | Crear | Villager (Male) |
| 5:03 | Construir | Palisade Wall |
| 5:35 | Construir | Palisade Wall |
| 5:44 | Construir | Mill |
| 6:26 | Construir | Palisade Wall |
| 6:49 | Crear | Villager (Male) |
| 7:14 | Crear | Villager (Male) |
| 8:21 | Crear | Villager (Male) |
| 8:22 | Crear | Villager (Male) |
| 8:29 | Crear | Villager (Male) |
| 8:39 | Construir | House |
| 8:59 | Construir | Palisade Wall |
| 9:39 | Construir | Farm |
| 9:44 | Investigar | Feudal Age |
| 10:18 | Construir | Barracks |
| 10:28 | Investigar | Loom |
| 10:29 | Crear | Villager (Male) |
| 10:30 | Crear | Villager (Male) |
| 10:51 | Construir | House |
| 11:33 | Construir | Farm |
| 11:37 | Construir | Farm |
| 11:54 | Edad | Edad Feudal |
| 11:56 | Investigar | Double-Bit Axe |
| 12:05 | Construir | Farm |
| 12:09 | Crear | Spearman |
| 12:10 | Crear | Spearman |
| 12:23 | Crear | Villager (Male) |
| 12:32 | Construir | Mining Camp |
| 13:09 | Crear | Spearman |
| 13:14 | Crear | Villager (Male) |
| 13:27 | Construir | Farm |
| 13:52 | Construir | Lumber Camp |
| 13:56 | Crear | Villager (Male) |
| 14:04 | Crear | Spearman |
| 14:21 | Construir | House |
| 14:32 | Crear | Spearman |
| 14:51 | Crear | Villager (Male) |
| 15:02 | Construir | Palisade Wall |
| 15:16 | Construir | Palisade Wall |
| 15:28 | Construir | Palisade Wall |
| 15:43 | Crear | Villager (Male) |
| 15:47 | Crear | Villager (Male) |
| 15:55 | Construir | Farm |
| 16:04 | Crear | Spearman |
| 16:05 | Crear | Spearman |
| 16:15 | Construir | Palisade Wall |
| 16:25 | Crear | Villager (Male) |
| 18:53 | Construir | Palisade Wall |
| 19:02 | Construir | Palisade Gate |
| 19:22 | Construir | Farm |
| 19:25 | Construir | Farm |
| 19:29 | Construir | Farm |
| 19:32 | Crear | Spearman |
| 19:32 | Crear | Spearman |
| 19:50 | Construir | Palisade Wall |
| 19:55 | Crear | Spearman |
| 20:09 | Construir | Palisade Wall |
| 20:21 | Crear | Spearman |
| 20:22 | Crear | Spearman |
| 20:31 | Construir | Farm |
| 20:34 | Construir | Farm |
| 20:44 | Construir | Stable |
| 21:07 | Crear | Villager (Male) |
| 21:07 | Crear | Villager (Male) |
| 21:16 | Construir | House |
| 21:17 | Construir | House |
| 21:20 | Construir | House |
| 21:21 | Construir | House |
| 21:44 | Construir | House |
| 21:45 | Construir | House |
| 21:47 | Crear | Villager (Male) |
| 21:53 | Construir | House |
| 21:55 | Construir | House |
| 21:56 | Construir | House |
| 22:03 | Construir | House |
| 22:04 | Crear | Villager (Male) |
| 22:14 | Crear | Scout Cavalry |
| 22:14 | Crear | Scout Cavalry |
| 22:41 | Construir | Blacksmith |
| 23:22 | Investigar | Forging |
| 23:22 | Investigar | Scale Mail Armor |
| 23:34 | Investigar | Castle Age |
| 24:06 | Crear | Spearman |
| 24:07 | Crear | Spearman |
| 24:31 | Investigar | Arson |
| 26:14 | Edad | Edad de los Castillos |
| 26:40 | Crear | Knight |
| 26:40 | Crear | Knight |
| 26:47 | Investigar | Scale Barding Armor |
| 26:53 | Construir | Mining Camp |
| 27:04 | Construir | Market |
| 27:08 | Crear | Villager (Male) |
| 27:08 | Crear | Villager (Male) |
| 27:10 | Crear | Villager (Male) |
| 27:31 | Investigar | Pikeman (upgrade) |
| 27:31 | Investigar | Squires |
| 27:32 | Investigar | Gambesons |
| 27:36 | Crear | Villager (Male) |
| 27:51 | Construir | Town Center |
| 27:57 | Crear | Villager (Male) |
| 28:15 | Crear | Knight |
| 28:15 | Crear | Knight |
| 28:23 | Construir | Stable |
| 28:40 | Construir | Palisade Gate |
| 28:46 | Construir | Palisade Wall |
| 29:00 | Investigar | Chain Barding Armor |
| 29:10 | Crear | Knight |
| 29:10 | Crear | Knight |
| 29:13 | Crear | Knight |
| 30:00 | Crear | Knight |
| 30:01 | Crear | Knight |
| 30:01 | Crear | Knight |
| 30:02 | Crear | Scout Cavalry |
| 30:03 | Crear | Scout Cavalry |
| 30:21 | Construir | Farm |
| 30:23 | Construir | Farm |
| 30:28 | Construir | Farm |
| 31:54 | Investigar | Iron Casting |
| 31:58 | Crear | Knight |
| 31:59 | Crear | Knight |
| 31:59 | Crear | Knight |
| 32:00 | Crear | Knight |
| 32:10 | Construir | Farm |
| 32:11 | Construir | Farm |
| 33:06 | Crear | Spearman |
| 33:07 | Crear | Spearman |
| 33:07 | Crear | Spearman |
| 33:08 | Crear | Spearman |
| 33:09 | Crear | Spearman |
| 33:10 | Crear | Spearman |
| 33:14 | Crear | Villager (Male) |
| 33:15 | Crear | Villager (Male) |
| 33:24 | Crear | Villager (Male) |
| 33:25 | Crear | Villager (Male) |
| 33:25 | Crear | Villager (Male) |
| 33:36 | Investigar | Gold Mining |
Cronología de la partida
| 5:03 | Madnessheimdall · wall_segment Palisade Wall x1 |
| 5:35 | Madnessheimdall · wall_segment Palisade Wall x1 |
| 6:26 | Madnessheimdall · wall_segment Palisade Wall x1 |
| 7:33 | Merkaria · first_building Barracks |
| 7:33 | [SENSEI] feb · first_building Barracks |
| 7:46 | [SENSEI] feb · wall_segment Palisade Wall x1 |
| 7:51 | EseTipo · first_building Barracks |
| 7:53 | EseTipo · wall_segment Palisade Wall x1 |
| 8:44 | [SENSEI] ELPASTORE · wall_segment Palisade Wall x2 |
| 8:48 | [SENSEI] ELPASTORE · wall_segment Palisade Wall x13 |
| 8:54 | [SENSEI] ELPASTORE · wall_segment Palisade Wall x1 |
| 8:58 | [SENSEI] ELPASTORE · wall_segment Palisade Wall x6 |
| 8:59 | Madnessheimdall · wall_segment Palisade Wall x1 |
| 9:01 | [SENSEI] Milky · first_building Barracks |
| 9:18 | [SENSEI] ELPASTORE · wall_segment Palisade Wall x10 |
| 9:21 | [SENSEI] feb · age_up feudal |
| 9:29 | EseTipo · age_up feudal |
| 9:30 | EseTipo · first_building Archery Range |
| 9:32 | [SENSEI] feb · first_building Stable |
| 10:05 | [SENSEI] ELPASTORE · age_up feudal |
| 10:10 | Merkaria · age_up feudal |
| 10:13 | Merkaria · first_building Archery Range |
| 10:18 | Madnessheimdall · first_building Barracks |
| 10:21 | [SENSEI] Milky · age_up feudal |
| 10:28 | [SENSEI] Milky · first_building Archery Range |
| 10:30 | [SENSEI] ELPASTORE · first_building Barracks |
| 10:40 | Merkaria · wall_segment Palisade Wall x1 |
| 10:43 | [SENSEI] Milky · wall_segment Palisade Wall x1 |
| 10:47 | [SENSEI] Milky · wall_segment Palisade Wall x15 |
| 11:19 | [SENSEI] Milky · wall_segment Palisade Wall x4 |
| 11:22 | [SENSEI] ELPASTORE · wall_segment Palisade Wall x6 |
| 11:35 | EseTipo · wall_segment Palisade Wall x8 |
| 11:49 | [SENSEI] ELPASTORE · first_building Archery Range |
| 11:52 | [SENSEI] feb · wall_segment Palisade Wall x9 |
| 11:54 | Madnessheimdall · age_up feudal |
| 12:00 | [SENSEI] feb · wall_segment Palisade Wall x19 |
| 12:06 | [SENSEI] ELPASTORE · wall_segment Palisade Wall x7 |
| 12:07 | [SENSEI] feb · wall_segment Palisade Wall x10 |
| 12:12 | [SENSEI] ELPASTORE · wall_segment Palisade Wall x12 |
| 12:12 | [SENSEI] feb · wall_segment Palisade Wall x8 |
| 12:26 | EseTipo · wall_segment Palisade Wall x1 |
| 12:32 | [SENSEI] feb · wall_segment Palisade Wall x8 |
| 13:01 | [SENSEI] Milky · wall_segment Palisade Wall x8 |
| 13:51 | EseTipo · wall_segment Palisade Wall x8 |
| 14:00 | [SENSEI] Milky · wall_segment Palisade Wall x10 |
| 14:02 | [SENSEI] Milky · wall_segment Palisade Wall x4 |
| 15:02 | Madnessheimdall · wall_segment Palisade Wall x1 |
| 15:16 | Madnessheimdall · wall_segment Palisade Wall x19 |
| 15:28 | Madnessheimdall · wall_segment Palisade Wall x6 |
| 15:32 | EseTipo · wall_segment Palisade Wall x14 |
| 16:15 | Madnessheimdall · wall_segment Palisade Wall x1 |
| 17:52 | EseTipo · first_market_sell 100 wood |
| 18:10 | [SENSEI] ELPASTORE · wall_segment Palisade Wall x1 |
| 18:53 | Madnessheimdall · wall_segment Palisade Wall x7 |
| 19:50 | Madnessheimdall · wall_segment Palisade Wall x1 |
| 20:09 | Madnessheimdall · wall_segment Palisade Wall x6 |
| 20:30 | [SENSEI] ELPASTORE · age_up castle |
| 20:44 | Madnessheimdall · first_building Stable |
| 20:52 | Merkaria · age_up castle |
| 20:53 | [SENSEI] ELPASTORE · first_building Siege Workshop |
| 22:37 | EseTipo · age_up castle |
| 23:27 | [SENSEI] Milky · age_up castle |
| 23:35 | [SENSEI] feb · age_up castle |
| 24:19 | [SENSEI] Milky · first_market_sell 100 food |
| 24:19 | [SENSEI] Milky · first_market_buy 100 wood |
| 24:26 | Merkaria · first_building Siege Workshop |
| 26:14 | Madnessheimdall · age_up castle |
| 26:49 | EseTipo · first_building Siege Workshop |
| 27:20 | [SENSEI] Milky · first_building Siege Workshop |
| 28:46 | Madnessheimdall · wall_segment Palisade Wall x3 |
| 30:25 | [SENSEI] Milky · first_building Monastery |
| 30:42 | [SENSEI] Milky · wall_segment Stone Wall x3 |
| 31:39 | EseTipo · first_market_buy 100 food |
| 32:00 | [SENSEI] Milky · wall_segment Stone Wall x6 |
| 33:20 | [SENSEI] Milky · wall_segment Stone Wall x1 |
| 33:29 | [SENSEI] Milky · wall_segment Stone Wall x5 |
| 34:13 | [SENSEI] ELPASTORE · first_building Monastery |
| 35:17 | [SENSEI] Milky · wall_segment Stone Wall x1 |
| 36:00 | Merkaria · age_up imperial |
| 36:06 | [SENSEI] ELPASTORE · age_up imperial |
| 36:17 | [SENSEI] feb · resign |
| 36:50 | EseTipo · first_building Castle |
| 37:27 | Madnessheimdall · first_building Monastery |
| 38:40 | Madnessheimdall · first_building Castle |
| 40:22 | EseTipo · age_up imperial |
| 40:30 | [SENSEI] ELPASTORE · first_building Castle |
[ ANÁLISIS IA · 1 CRÉDITO ]
¿Qué pasó realmente en esta partida?
Wolo.gg analiza cada decisión: build order, eco, micro, errores típicos por bracket. Análisis personalizado por WhatsApp o Discord en 30 segundos.
Guía civ
Britanos
Perfil
Jugador #2219355